 Dungeon Crawl Stone Soup version 0.30-a0-553-g7fabdf1491 (webtiles) character file.

Game seed: 7808732314496770061

107 GiantSquids the Shooter (level 4, -4/26 HPs)
             Began as a Tengu Hunter on Dec 26, 2022.
             Slain by a gnoll
             ... wielding a +2 flail of protection
             ... led by a gnoll bouda
              (7 damage)
             ... on level 4 of the Dungeon.
             The game lasted 00:03:42 (2065 turns).

GiantSquids the Shooter (Tengu Hunter)              Turns: 2065, Time: 00:03:42

Health: -4/26      AC:  3    Str: 11    XL:     4   Next: 86%
Magic:  5/5        EV: 12    Int: 10    God:
Gold:   148        SH:  0    Dex: 19    Spells: 3/3 levels left

rFire   . . .      SeeInvis .    a - +0 shortbow
rCold   . . .      Faith    .    (shield currently unavailable)
rNeg    . . .      Spirit   .    c - +0 leather armour
rPois   .          Reflect  .    (helmet restricted)
rElec   .          Harm     .    (no cloak)
rCorr   .          Rampage  .    (no gloves)
Will    .....                    (boots unavailable)
Stlth   ++                       (no amulet)
HPRegen 0.24/turn                (no ring)
MPRegen 0.09/turn                (no ring)

@: weakened
A: beak, talons 3
a: no special abilities


You were on level 4 of the Dungeon.
You visited 1 branch of the dungeon, and saw 4 of its levels.

You collected 148 gold pieces.

Inventory:

Hand Weapons
 a - a +0 shortbow (weapon)
 r - a +1 dagger of venom
Armour
 c - a +0 leather armour (worn)
Scrolls
 b - a scroll of immolation
 d - 4 scrolls of enchant weapon {unknown}
 f - a scroll of brand weapon {unknown}
 g - 4 scrolls of identify {unknown}
 h - a scroll of fog {unknown}
 j - a scroll of noise {unknown}
 k - 4 scrolls of teleportation {unknown}
 o - a scroll of vulnerability {unknown}
 p - a scroll of enchant armour {unknown}
Potions
 e - a potion of brilliance {unknown}
 i - 2 potions of heal wounds {unknown}
 l - 3 potions of curing {unknown}
 m - a potion of cancellation {unknown}
 n - 3 potions of flight {unknown}
 q - a potion of lignification {unknown}


   Skills:
 - Level 2.0 Fighting
 * Level 6.6 Ranged Weapons
 - Level 2.1 Dodging
 - Level 1.0 Stealth


You had 3 spell levels left.
You didn't know any spells.
Your spell library contained the following spells:

 Spells                   Type           Power      Damage    Failure   Level
 Blink                    Tloc           0%         N/A       58%         2
 Momentum Strike          Conj/Tloc      0%         3d8       58%         2
 Lesser Beckoning         Tloc           0%         N/A       83%         3


Dungeon Overview and Level Annotations

Branches:
Dungeon (4/15)
 Temple: D:4-7

Altars:
Cheibriados
Yredelemnul

Shops:
D:4 *(

Annotations:
D:4 Edmund, Menkaure


Innate Abilities, Weirdness & Mutations

You have a beak for a mouth.
You have claws for feet.


Message History

You see here a +0 hand axe.
You open the door.
There is an open door here.
As you open the door, it creaks loudly! As you open the door, it creaks loudly!
There is an open door here.
Found Xuidwyan's Weapon Emporium.
Found a stone staircase leading down.
Edmund the Younger comes into view.
He is wielding a +1 vorpal flail.
Edmund moves out of view.
You see here 11 gold pieces.
Fire: a) +0 shortbow
Press: ? - help, Q - select action Shift-Dir - straight line, f - Edmund
Aim: Edmund, wielding a +1 vorpal flail and wearing a +0 scale mail (69% to hit)
Okay, then.
You open the door. 3 gnolls come into view.
A gnoll is wielding a +2 flail of protection.
A gnoll comes into view.
It is wielding a +2 whip of electrocution.
The gnoll shouts! x2; You hear a shout!
There is an open door here.
The gnoll shouts!
A gnoll bouda comes into view. It is wielding a +0 club.
A gnoll comes into view. It is wielding a +0 whip.
The gnoll completely misses you.
The gnoll hits you from afar with a +0 spear!
The gnoll attacks as you move away! The gnoll barely misses you.
The gnoll closely misses you. x2
The gnoll hits you from afar with a +0 spear.
The gnoll attacks as you move away!
The gnoll hits you with a +2 flail of protection!
Ouch! That really hurt!
* * * LOW HITPOINT WARNING * * *
The gnoll bouda barks out a call to the hunt!
The gnolls pick up the pace!
The gnoll attacks as you move away! The gnoll barely misses you.
The gnoll bouda gazes fiercely through you!
You feel your attacks grow feeble.
The gnoll hits you with a +2 flail of protection!
You die...

....#..........## ...
....#.##......... ....
....#.##.##...####....
....#.##'#.......#...
....#.#...........#
....#.#...........#
....#.#.....g.@...##
....#.#......gg....# #
....#.#.....g.gg@..# .#
....#.#............###+#.#
)...#.#.....#......#.....#
....#.#.....#......#.....#
....#'#.....#......#<....#
#+#.........#............#
#.#.........#..#######+###
#.#..........).#
#'#.#....#####.#####


You could see Edmund, a gnoll bouda and 5 gnolls.

Vanquished Creatures
  2 adders (D:3)
  2 adder zombies (D:3)
  A worm (D:3)
  2 dart slugs (D:1)
  9 ball pythons
  6 bats
  7 endoplasms
  2 giant cockroaches (D:2)
  9 hobgoblins
  3 jackals (D:3)
  3 quokkas (D:2)
  4 frilled lizards (D:1)
  A giant cockroach zombie (D:3)
  5 goblins
  7 kobolds
  10 rats
73 creatures vanquished.

Notes
Turn   | Place    | Note
-------+----------+-------------------------------------------
     0 | D:1      | GiantSquids the Tengu Hunter began the quest for the Orb.
     0 | D:1      | Reached XP level 1. HP: 12/12 MP: 2/2
    79 | D:1      | Reached XP level 2. HP: 17/17 MP: 3/3
    92 | D:1      | Reached skill level 5 in Ranged Weapons
   137 | D:1      | Reached XP level 3. HP: 21/21 MP: 4/4
   845 | D:2      | Reached skill level 6 in Ranged Weapons
   958 | D:2      | Reached XP level 4. HP: 26/26 MP: 5/5
  1367 | D:3      | Found a basalt altar of Yredelemnul.
  1801 | D:4      | Found a snail-covered altar of Cheibriados.
  1805 | D:4      | Noticed Menkaure
  1858 | D:4      | Found Giet's Assorted Antiques.
  2037 | D:4      | Found Xuidwyan's Weapon Emporium.
  2042 | D:4      | Noticed Edmund
  2065 | D:4      | Slain by a gnoll

Illustrated notes

Levels and vault maps discovered:
D:1:      dpeg_arrival_ratfight, layout_rooms
D:2:      layout_loops_ring
D:3:      layout_basic, nicolae_yredelemnul_corpse_copse
D:4:      wad_lake_hut, layout_basic, cheibriados_altar_1, serial_shops,
          shop_coins, shop, shop, nicolae_shop_advertising_works
          [nicolae_subvault_shop_adworks], nicolae_shop_behind_doors,
          uniq_menkaure, uniq_edmund

Skill      XL: |  1  2  3 |
---------------+----------+-----
Ranged Weapons | 5 6 |  6.6
Fighting       | |  2.0
Dodging        | |  2.1
Stealth        | |  1.0

Action                   |  1- 3 |  4- 6 || total
-------------------------+-------+-------++-------
 Fire: Shortbow          |    96 |    50 ||   146
Armor: Leather armour    |    11 |     8 ||    19
Dodge: Dodged            |    23 |    15 ||    38

Table legend: (Time is in decaauts)
 A = Elapsed time spent in this place.
 B = Non-inter-level travel time spent in this place.
 C = Inter-level travel time spent in this place.
 D = Time resting spent in this place.
 E = Time spent auto-exploring this place.
 F = Levels seen in this place.
 G = Mean time per level.
                   A        B        C        D        E       F      G
               +--------+--------+--------+--------+--------+-----+--------+
         Total |   2101 |   2010 |     91 |      0 |   1682 |   4 |  525.2 |
       Dungeon |   2101 |   2010 |     91 |      0 |   1682 |   4 |  525.2 |
               +--------+--------+--------+--------+--------+-----+--------+

Top non-repeatable levels by time:
     D:3: 762 daAuts
     D:2: 621 daAuts
     D:1: 482 daAuts
     D:4: 235 daAuts
